 Dungeon Crawl Stone Soup version 0.31-a0-360-gb3e1d13bf4 (webtiles) character file.

Game seed: 3635977527670951257

77 mandoloar the Ruffian (level 4, -7/29 HPs)
             Began as an Octopode Shapeshifter on July 26, 2023.
             Splashed by a jelly's acid (9 damage)
             ... on level 3 of the Dungeon.
             The game lasted 00:04:02 (1934 turns).

mandoloar the Ruffian (Octopode Shapeshifter)       Turns: 1934, Time: 00:04:03

Health: -7/29      AC: -11   Str: 16    XL:     4   Next: 34%
Magic:  4/4        EV: 13    Int: 10    God:
Gold:   149        SH:  0    Dex: 12    Spells: 3/3 levels left

rFire   . . .        a - +0 short sword
rCold   . . .        (no shield)
rNeg    . . .        (helmet currently unavailable)
rPois   .            (no amulet)
rElec   .            (no ring)
rCorr   .            (no ring)
SInv    .            (no ring)
Will    .....        (no ring)
Stlth   ++           (no ring)
HPRegen 0.24/turn    (no ring)
MPRegen 0.09/turn    (no ring)
                     (no ring)

%: no passive effects
@: beast-form, corroded
A: beast (slay +2), almost no armour, amphibious, 8 rings, camouflage 1,
gelatinous body 1, (nimble swimmer 1), tentacles
a: Begin Untransformation


You were on level 3 of the Dungeon.
You were a hulking beast.
You visited 1 branch of the dungeon, and saw 3 of its levels.

You collected 149 gold pieces.

Inventory:

Hand Weapons
 a - a +0 short sword (weapon)
Missiles
 l - 34 stones (quivered)
Talismans
 b - a beast talisman
 i - a talisman of death
Scrolls
 c - 3 scrolls of fear {unknown}
Potions
 d - a potion of haste
 e - a potion of invisibility
 f - a potion of magic {unknown}
 g - a potion of lignification
 h - a potion of curing {unknown}


   Skills:
 + Level 2.1 Fighting
 + Level 2.8 Dodging
 + Level 3.6 Unarmed Combat
 + Level 3.3 Shapeshifting


You had 3 spell levels left.
You didn't know any spells.
Your spell library was empty.

Dungeon Overview and Level Annotations

Branches:
Dungeon (3/15)

Altars:


Innate Abilities, Weirdness & Mutations

You are a hulking beast.
Your limbs bulge with bestial killing power. (Slay +2)
You cannot wear most types of armour.
You are amphibious.
You can wear up to eight rings at the same time.
Your skin changes colour to match your surroundings (Stealth+).
Your rubbery body absorbs attacks. (AC +1, EV +1)
((You are camouflaged when in or above water. (Stealth+)))
You have tentacles for arms and can constrict up to eight enemies at once.


Message History

You kill the orc!
No target in view!
You start resting.
HP restored.
c - 3 scrolls labelled FYLEDE EFISE (gained 1)
A quokka comes into view.
You throw a stone. The stone hits the quokka.
The quokka is severely wounded.
The quokka barely misses you. The quokka completely misses you.
You completely miss the quokka. Your grab misses the quokka.
The quokka is severely wounded.
The quokka barely misses you.
You hit the quokka.
You kill the quokka!
No target in view!
A jelly comes into view.
The jelly quivers.
You throw a stone. The stone barely misses the jelly.
The jelly hits you. The acid corrodes you!
You are splashed with acid!
You hit the jelly. The acid corrodes you!
Your tentacles burn!
The jelly is moderately wounded.
The jelly hits you.
You are splashed with acid!
* * * LOW HITPOINT WARNING * * *
You are too injured to fight recklessly!
You are too injured to fight recklessly!
You hit the jelly but do no damage.
Your tentacles burn!
* * * LOW HITPOINT WARNING * * *
The jelly is moderately wounded.
The jelly barely misses you.
You hit the jelly but do no damage.
Your tentacles burn!
* * * LOW HITPOINT WARNING * * *
The jelly is moderately wounded.
The jelly misses you.
You hit the jelly.
Your tentacles burn!
* * * LOW HITPOINT WARNING * * *
The jelly is heavily wounded.
The jelly hits you.
* * * LOW HITPOINT WARNING * * *
The acid corrodes you!
You are splashed with acid!
You die...

......).....#
............# ##
............# ..
....##...#### .#
....#....## .#
..........## .######
......##...## .......
..##..#.....#####.......
#.#.............h.......
........##..#####J......
....###.#......# .......
##..#..........# .......
#...#.....##...# .......
......##..#....# .......
..##..#......#.# ######.
..#..........#.#
.............#.#


You could see a jelly.

Vanquished Creatures
  An orc priest (D:3)
  2 adders
  A worm (D:2)
  2 orcs (D:3)
  4 ball pythons
  4 bats
  A giant cockroach (D:2)
  2 goblins (D:1)
  2 hobgoblins
  2 quokkas
  2 frilled lizards
  A kobold (D:1)
  4 rats
28 creatures vanquished.

Notes
Turn   | Place    | Note
-------+----------+-------------------------------------------
     0 | D:1      | mandoloar the Octopode Shapeshifter began the quest for the
                  | Orb.
     0 | D:1      | Reached XP level 1. HP: 13/13 MP: 1/1
   167 | D:1      | Reached XP level 2. HP: 14/18 MP: 2/2
  1054 | D:2      | Reached XP level 3. HP: 23/23 MP: 3/3
  1852 | D:3      | Reached XP level 4. HP: 29/29 MP: 4/4
  1934 | D:3      | Splashed by a jelly's acid

Illustrated notes

Levels and vault maps discovered:
D:1:      evilmike_arrival_hilbert_curve, layout_basic, st_stairs_13,
          grunt_decor_mini_mirrors, minmay_bisected
D:2:      layout_basic
D:3:      layout_basic, hangedman_decor_points

Skill      XL: |  1  2  3 |
---------------+----------+-----
Fighting       | 2 |  2.1
Dodging        | |  2.8
Unarmed Combat | |  3.6
Shapeshifting  | |  3.3

Action                     |  1- 3 |  4- 6 || total
---------------------------+-------+-------++-------
  Melee: Unarmed           |    19 |       ||    19
         Constrict         |    18 |     1 ||    19
         Tentacles         |     6 |       ||     6
         Punch             |     1 |     1 ||     2
         Short sword       |    32 |    10 ||    42
         Dagger            |     1 |       ||     1
  Throw: Stone             |     3 |     2 ||     5
    Use: Scroll            |     2 |       ||     2
   Stab: Sleeping          |     2 |       ||     2
 Armour: Skin              |     2 |       ||     2
  Dodge: Dodged            |    31 |     7 ||    38
   Form: Death             |     1 |       ||     1
         Beast             |     1 |       ||     1

Table legend: (Time is in decaauts)
 A = Elapsed time spent in this place.
 B = Non-inter-level travel time spent in this place.
 C = Inter-level travel time spent in this place.
 D = Time resting spent in this place.
 E = Time spent auto-exploring this place.
 F = Levels seen in this place.
 G = Mean time per level.
                   A        B        C        D        E       F      G
               +--------+--------+--------+--------+--------+-----+--------+
         Total |   1932 |   1795 |    137 |    442 |   1142 |   3 |  644.0 |
       Dungeon |   1932 |   1795 |    137 |    442 |   1142 |   3 |  644.0 |
               +--------+--------+--------+--------+--------+-----+--------+

Top non-repeatable levels by time:
     D:2: 1058 daAuts
     D:1: 738 daAuts
     D:3: 135 daAuts
